 Dungeon Crawl Stone Soup version 0.21.1-1-g345015f (webtiles) character file.

84 kwel01 the Sneak (level 4, -6/23 HPs)
             Began as a Spriggan Assassin on July 8, 2018.
             Mangled by an iguana (11 damage)
             ... on level 2 of the Dungeon.
             The game lasted 00:06:11 (1376 turns).

kwel01 the Sneak (Spriggan Assassin)                Turns: 1376, Time: 00:06:12

Health: -6/23      AC:  3    Str:  8    XL:     4   Next: 24%
Magic:  5/5        EV: 17    Int: 12    God:
Gold:   69         SH:  0    Dex: 17    Spells: 3/3 levels left

rFire    . . .     SeeInvis +   a - +2 dagger
rCold    . . .     Gourm    .   (shield restricted)
rNeg     . . .     Faith    .   p - +0 robe
rPois    .         Spirit   .   (helmet restricted)
rElec    .         Reflect  .   d - +0 cloak
rCorr    .         Harm     .   (gloves unavailable)
MR       .....                  (boots unavailable)
Stlth    ++++......             (no amulet)
HPRegen  0.07/turn              (no ring)
MPRegen  0.09/turn              (no ring)

@: very quick
A: very small, unfitting armour, see invisible, herbivore, speed 3, slow
metabolism 2
a: no special abilities


You were on level 2 of the Dungeon.
You were not hungry.

You visited 1 branch of the dungeon, and saw 2 of its levels.

You collected 69 gold pieces.

Inventory:

Hand Weapons
 a - a +2 dagger (weapon)
 b - a +0 blowgun
Missiles
 e - 17 poisoned needles
 f - 2 curare-tipped needles
Armour
 d - a +0 cloak (worn)
 p - a +0 robe (worn)
Wands
 o - a wand of polymorph (13)
Scrolls
 h - a scroll of amnesia {unknown}
 k - a scroll of random uselessness {unknown}
 l - a scroll of fog {unknown}
 m - a scroll of identify {unknown}
 n - a scroll of fear {unknown}
Potions
 c - a potion of cancellation {unknown}
 i - a potion of curing {unknown}
 j - 2 potions of brilliance {unknown}
Comestibles
 g - 2 rations


   Skills:
 + Level 1.9 Fighting
 + Level 2.7 Short Blades
 + Level 2.4 Throwing
 + Level 2.1 Dodging
 + Level 7.6 Stealth


You had 3 spell levels left.
You didn't know any spells.

Dungeon Overview and Level Annotations

Branches:
Dungeon (2/15)

Altars:
Qazlal


Innate Abilities, Weirdness & Mutations

You are very small and have problems with some larger weapons.
You are too small for most types of armour.
You have supernaturally acute eyesight. (SInv)
You are a herbivore.
You cover ground extremely quickly.
You need consume almost no food.


Message History

The iguana closely misses you.
You barely miss the iguana.
The iguana is lightly wounded.
You completely miss the iguana.
The iguana is lightly wounded.
The iguana completely misses you.
You hit the iguana but do no damage.
The iguana is lightly wounded.
The iguana bites you.
* * * LOW HITPOINT WARNING * * *
You hit the iguana.
The iguana is moderately wounded.
The iguana closely misses you.
You hit the iguana but do no damage.
The iguana is moderately wounded.
The iguana closely misses you.
You hit the iguana.
The iguana is moderately wounded.
The iguana bites you!
You die...

########....# ##...#.......#
##............#### #####
#>...............### #....
#.............##...## #....
#.............####..##
###....
##.............####..##
#.†.... ##..†#.<.####..#
##..####.#....
######.######@#
##......#....
####....###l#####..#####....
#....##....)...##..# ##.##
#.....#####..#.#...# ###.#
#...#.# ##..[#.#.####...##
######.######
##........##.ll.l
#§§§§#.#§§§§#
##.#.#..l.l..##.
#§§§§#.#§§§§#
#.#.###.#...###
#§§§§#.#§§§§# #...###.....##


You could see an iguana.

Vanquished Creatures
  Jessica (D:2)
  Natasha (D:2)
  2 leopard geckos (D:1)
  2 bats (D:2)
  2 giant cockroaches (D:1)
  4 goblins
  4 hobgoblins
  3 jackals (D:2)
  2 kobolds
  A quokka (D:2)
  5 frilled lizards
  4 rats
31 creatures vanquished.

Notes
Turn   | Place    | Note
-------+----------+-------------------------------------------
     0 | D:1      | kwel01 the Spriggan Assassin began the quest for the Orb.
     0 | D:1      | Reached XP level 1. HP: 10/10 MP: 2/2
    29 | D:1      | Reached skill level 6 in Stealth
   343 | D:1      | Reached XP level 2. HP: 14/14 MP: 3/3
   891 | D:2      | Found a stormy altar of Qazlal.
   932 | D:2      | Noticed Jessica
   954 | D:2      | Killed Jessica
   954 | D:2      | Reached skill level 7 in Stealth
   954 | D:2      | Reached XP level 3. HP: 18/18 MP: 4/4
  1257 | D:2      | Noticed Natasha
  1258 | D:2      | Killed Natasha
  1258 | D:2      | Reached XP level 4. HP: 23/23 MP: 5/5
  1376 | D:2      | Mangled by an iguana

Skill      XL: |  1  2  3 |
---------------+----------+-----
Stealth        | 6 7 |  7.6
Dodging        | 2 |  2.1
Fighting       | |  1.9
Short Blades   | |  2.7
Throwing       | |  2.4

Action                   |  1- 3 |  4- 6 || total
-------------------------+-------+-------++-------
Melee: Dagger            |    89 |    28 ||   117
 Stab: Sleeping          |     9 |     1 ||    10
Armor: Robe              |    13 |     1 ||    14
Dodge: Dodged            |    46 |    16 ||    62
